AoeStats
← Bugsibär

Arabia

507683996Analyzed
1v1 RM · 14d ago on Sep 19, 2026· 24m 48s· 2 players
Game mode
Random Map
Map size
Tiny (2 player)
Population
200
Speed
Normal
Resources
Standard
Victory
Conquest
Starting age
Dark Age
Ending age
Imperial Age
RankedLock teamsTeams togetherTeam positionsShared explorationLock speedFull tech treeHidden civsTurbo modeCheats
Victory
Defeat
🇫🇮 Mongols · Finland
1711
+17
🇩🇪 Mapuche · Germany
1728
-17
ForeverLotus
6:44 Loom
9:05 Feudal Age
9:57 Double-Bit Axe
10:49 Man-at-Arms
11:52 Fletching
21:27 Castle Age
19:48 Horse Collar
21:15 Padded Archer Armor
21:34 Elite Skirmisher
22:09 Bodkin Arrow
23:35 Bow Saw
24:31 Wheelbarrow
Bugsibär
6:36 Loom
9:10 Feudal Age
9:52 Horse Collar
9:58 Double-Bit Axe
15:30 Fletching
19:29 Padded Archer Armor
22:01 Castle Age
21:11 Padded Archer Armor
22:00 Wheelbarrow
22:39 Gold Mining
23:01 Bow Saw
23:07 Bow Saw
23:26 Bodkin Arrow
Connection lost

Rejoining the realm…

Still unreachable

The connection could not be restored.

Session expired

The server has moved on; the page needs a fresh start.